 Dungeon Crawl Stone Soup version 0.29.1-14-g9c671dbff4 (webtiles) character file.

Game seed: 12293543586037813449

86 FexLirch the Cudgeller (level 4, -4/35 HPs)
             Began as a Formicid Abyssal Knight on Feb 21, 2023.
             Was a Believer of Lugonu.
             Slain by an orc priest
             ... wielding a +0 flail
              (7 damage)
             ... on level 3 of the Dungeon.
             The game lasted 00:03:56 (2997 turns).

FexLirch the Cudgeller (Formicid Abyssal Knight)    Turns: 2997, Time: 00:03:57

Health: -4/35      AC:  3    Str: 20    XL:     4   Next: 77%
Magic:  6/6        EV: 11    Int:  9    God:    Lugonu [**....]
Gold:   136        SH:  0    Dex: 14    Spells: 3/3 levels left

rFire   . . .      SeeInvis +   a - +1 mace
rCold   . . .      Faith    .   (no shield)
rNeg    . . .      Spirit   .   b - +0 leather armour
rPois   .          Reflect  .   (helmet unavailable)
rElec   .          Harm     .   (no cloak)
rCorr   .          Rampage  .   (no gloves)
Will    .....                   (no boots)
Stlth   +.........              (no amulet)
HPRegen 0.11/turn               (no ring)
MPRegen 0.10/turn               (no ring)

@: no status effects
A: permanent stasis, dig shafts and tunnels, antennae 3, four strong arms
a: Dig, Shaft Self, Renounce Religion, Depart the Abyss, Bend Space


You were on level 3 of the Dungeon.
You worshipped Lugonu.
Lugonu was pleased with you.
You visited 1 branch of the dungeon, and saw 3 of its levels.
You visited the Abyss 1 time.

You collected 136 gold pieces.

Inventory:

Hand Weapons
 a - a +1 mace (weapon)
Missiles
 l - 4 stones (quivered)
Armour
 b - a +0 leather armour (worn)
Scrolls
 c - 7 scrolls of identify {unknown}
 d - 2 scrolls of blinking {unknown}
 f - 3 scrolls of teleportation {unknown}
 g - a scroll of immolation {unknown}
 j - 2 scrolls of summoning {unknown}
 k - a scroll of amnesia {unknown}
Potions
 e - a potion of brilliance {unknown}
 h - a potion of resistance {unknown}
 i - a potion of degeneration {unknown}
 m - a potion of heal wounds {unknown}
 n - a potion of lignification {unknown}
 o - a potion of might {unknown}


   Skills:
 - Level 3.2 Fighting
 * Level 4.0 Maces & Flails
 - Level 2.1 Armour
 - Level 0.8 Dodging
 + Level 3.4 Invocations


You had 3 spell levels left.
You didn't know any spells.
Your spell library contained the following spells:

 Spells                   Type           Power      Damage    Failure   Level
 Static Discharge         Conj/Air       0%         3-3/arc   56%         2
 Dispel Undead            Necr           0%         3d6       99%         4
 Sticky Flame             Conj/Fire      0%         2d3       99%         4


Dungeon Overview and Level Annotations

Branches:
Dungeon (3/15)

Altars:


Innate Abilities, Weirdness & Mutations

You cannot be hasted, slowed, berserked, paralysed or teleported.
You can dig through walls and to a lower floor.
You have a pair of large antennae on your head. (SInv)
Your four strong arms can wield two-handed weapons with a shield.


Message History

Found 4 stones.
An endoplasm is nearby!
An endoplasm is nearby! 4 orcs and an orc priest come into view.
The orc shouts! x4; The orc priest shouts!
The orc moves out of view.
There are monsters nearby!
You see here 4 stones.
There are monsters nearby!
The endoplasm quivers.
You sock the endoplasm!
You kill the endoplasm!
Lugonu accepts your kill.
The orc priest looks satisfied for a moment.
There are monsters nearby!
You closely miss the orc. The orc hits you with a +0 dagger.
The orc closely misses you.
You barely miss the orc. The orc hits you with a +0 dagger.
You sock the orc!
You kill the orc!
Lugonu accepts your kill.
Your Maces & Flails skill increases to level 4!
You barely miss the orc priest.
The orc priest hits you with a +0 flail.
You hit the orc priest but do no damage.
The orc priest hits you with a +0 flail. x2
You barely miss the orc priest.
The orc priest hits you with a +0 flail.
* * * LOW HITPOINT WARNING * * *
You hit the orc priest but do no damage.
The orc priest hits you with a +0 flail.
* * * LOW HITPOINT WARNING * * *
You hit the orc priest.
The orc priest is moderately wounded.
The orc priest hits you with a +0 flail.
* * * LOW HITPOINT WARNING * * *
You hit the orc priest.
The orc priest is heavily wounded.
The orc priest hits you with a +0 flail!
You die...

## #.##.# #.#
#.##.### #.##
#...... ...#
####.##.## ###..#
.........###.#..#
####.##..##.#...#
#..<....###..#
#.......#
##.######.#
#######+#
#..@oooo..#
#.#.########
#.##.# ## #.. ###


You could see an orc priest and 3 orcs.

Vanquished Creatures
  An adder (D:2)
  2 worms (D:2)
  2 orcs (D:3)
  4 ball pythons (D:1)
  5 bats (D:1)
  9 endoplasms
  A giant cockroach (D:1)
  10 goblins
  4 hobgoblins
  8 jackals (D:1)
  4 quokkas
  A frilled lizard (D:1)
  3 kobolds
  2 rats
56 creatures vanquished.

Notes
Turn   | Place    | Note
-------+----------+-------------------------------------------
     0 | Abyss:1  | FexLirch the Formicid Abyssal Knight began the quest for
                  | the Orb.
     0 | Abyss:1  | Reached XP level 1. HP: 18/18 MP: 2/2
     2 | Abyss:1  | Found a corrupted altar of Lugonu.
    47 | Abyss:1  | Noticed a sixfirhy
    48 | Abyss:1  | Noticed a starcursed mass
    49 | D:1      | Escaped the Abyss
   368 | D:1      | Reached XP level 2. HP: 21/24 MP: 3/3
   470 | D:1      | Reached ** piety under Lugonu
   607 | D:1      | Reached XP level 3. HP: 22/29 MP: 5/5
   698 | D:1      | Reached skill level 3 in Maces & Flails
  1371 | D:2      | Reached XP level 4. HP: 35/35 MP: 6/6
  2824 | D:2      | Found a faded altar of an unknown god.
  2992 | D:3      | Reached skill level 4 in Maces & Flails
  2997 | D:3      | Slain by an orc priest

Illustrated notes

Levels and vault maps discovered:
D:1:      heliophobic_arrival_ceremonial_halls, layout_basic
D:2:      layout_loops_ring, chequers_ecumenical_altar_twisty, kennysheep_potato
D:3:      layout_loops_ring, chequers_serial_rivers_room_a

Skill      XL: |  1  2  3  4 |
---------------+-------------+-----
Maces & Flails | 3 4 |  4.0
Invocations    | 3 |  3.4
Fighting       | |  3.2
Armour         | |  2.1
Dodging        | |  0.8

Action                   |  1- 3 |  4- 6 || total
-------------------------+-------+-------++-------
Melee: Mace              |    99 |    77 ||   176
       Punch             |     1 |     1 ||     2
Throw: Stone             |     6 |     6 ||    12
Invok: Depart the Abyss  |     1 |       ||     1
Armor: Leather armour    |    51 |    17 ||    68
Dodge: Dodged            |   112 |    27 ||   139
